 Dungeon Crawl Stone Soup version 0.28.0-49-g6dfe1f597d (webtiles) character file.

Game seed: 568021979358355647

59 mortz the Chopper (level 4, -3/41 HPs)
             Began as a Hill Orc Monk on May 15, 2022.
             Slain by a gnoll
             ... wielding a +0 halberd
              (11 damage)
             ... on level 2 of the Dungeon.
             The game lasted 00:05:42 (2009 turns).

mortz the Chopper (Hill Orc Monk)                   Turns: 2009, Time: 00:05:43

Health: -3/41      AC:  3    Str: 15    XL:     4   Next: 3%
Magic:  4/4        EV:  9    Int: 10    God:
Gold:   87         SH:  0    Dex: 13    Spells: 3/3 levels left

rFire   . . .      SeeInvis .   a - +0 hand axe {axe}
rCold   . . .      Faith    .   (no shield)
rNeg    . . .      Spirit   .   b - +0 robe
rPois   .          Reflect  .   (no helmet)
rElec   .          Harm     .   (no cloak)
rCorr   .          Rampage  .   f - +0 pair of gloves
Will    .....                   (no boots)
Stlth   ++........              (no amulet)
HPRegen 0.13/turn               (no ring)
MPRegen 0.09/turn               (no ring)

@: constricted
A: no striking features
a: no special abilities


You were on level 2 of the Dungeon.
You visited 1 branch of the dungeon, and saw 2 of its levels.

You collected 87 gold pieces.


   Skills:
 + Level 4.3 Fighting
 + Level 5.0 Axes
 + Level 2.8 Dodging
 + Level 2.0 Stealth


You had 3 spell levels left.
You didn't know any spells.
Your spell library was empty.

Inventory:

Hand Weapons
 a - a +0 hand axe (weapon) {axe}
Missiles
 e - 19 stones (quivered) {throwing}
 h - 5 boomerangs {throwing}
Armour
 b - a +0 robe (worn)
 f - a +0 pair of gloves (worn)
   (You found it on level 1 of the Dungeon)
Scrolls
 c - a scroll of immolation {unknown}
 g - a scroll of noise {unknown}
Potions
 i - a potion of flight {unknown}
 j - a potion of haste {unknown}

Dungeon Overview and Level Annotations

Branches:
Dungeon (2/15)

Altars:

# #...........# .........
########...........# ........
.......#...........# .......
######.#...........########.#....
....##.#.....รท.....##............
.....#.......รท...............)(..
.....##.#####..S.g#g#.....(...(..
.....##..# #..##S#.#............
.....###)# #g.#@.#.#####.......#
.....# #.## #..####.# #########
.....# #..###....gg.# .....#
#....#.####### .....# #....#..
.....# #....#.. . .....#
#....#.... .....# #.........
###### #.........


You could see a gnoll and a ball python.


Message History

Aim: a goblin, wielding a +0 hunting sling and quivering stones (51% to hit)
You throw a poisoned dart {throwing}.
The poisoned dart {throwing} closely misses the goblin.
The goblin shoots a stone.
The stone hits you. ๐Ÿ˜• HP[-3]
You take 3 damage, and now have 35/41 hp.
Throw: 2 darts (poison) {throwing}
Press: ? - help, Q - select action, (/) - cycle Shift-Dir - straight line, f/p - goblin
Aim: a goblin, wielding a +0 hunting sling and quivering stones (51% to hit)
You throw a poisoned dart {throwing}.
The poisoned dart {throwing} hits the goblin.
The goblin is poisoned.
Throw: dart (poison) {throwing}
Press: ? - help, Q - select action, (/) - cycle Shift-Dir - straight line, f/p - goblin
Aim: a goblin, wielding a +0 hunting sling and quivering stones (moderately wounded, poisoned, 51% to hit)
You throw a poisoned dart {throwing}.
The poisoned dart {throwing} hits the goblin.
The goblin looks even sicker.
The goblin shoots a stone.
The stone hits you but does no damage.
Throw: 24 stones {throwing}
Press: ? - help, Q - select action, (/) - cycle Shift-Dir - straight line, f/p - goblin
Aim: a goblin, wielding a +0 hunting sling and quivering stones (severely wounded, very poisoned, 51% to hit)
You throw a stone {throwing}.
The stone {throwing} closely misses the goblin.
You kill the goblin! ๐Ÿ˜• HP[+1]
A gnoll comes into view. It is wielding a +0 halberd.
Throw: 23 stones {throwing}
Press: ? - help, Q - select action, (/) - cycle Shift-Dir - straight line, f - gnoll
Aim: a gnoll, wielding a +0 halberd (wandering, hasn't noticed you, 63% to hit)
You throw a stone {throwing}. The gnoll shouts!
The stone {throwing} hits the gnoll but does no damage.
Throw: 22 stones {throwing}
Press: ? - help, Q - select action, (/) - cycle Shift-Dir - straight line, f/p - gnoll
Aim: a gnoll, wielding a +0 halberd (63% to hit)
You throw a stone {throwing}.
The stone {throwing} closely misses the gnoll.
Throw: 21 stones {throwing}
Press: ? - help, Q - select action, (/) - cycle Shift-Dir - straight line, f/p - gnoll
Aim: a gnoll, wielding a +0 halberd (63% to hit)
You throw a stone {throwing}.
The stone {throwing} closely misses the gnoll.
A ball python comes into view.
Throw: 20 stones {throwing}
Press: ? - help, Q - select action, (/) - cycle Shift-Dir - straight line, f/p - gnoll
Aim: a gnoll, wielding a +0 halberd (63% to hit)
You throw a stone {throwing}. The ball python hisses angrily.
The stone {throwing} hits the gnoll.
A gnoll comes into view. It is wielding a +0 flail.
A gnoll comes into view. It is wielding a +0 halberd.
The gnoll closely misses you. ๐Ÿ˜• HP[+1]
The gnoll shouts! x2
You hit the gnoll but do no damage.
The gnoll hits you with a +0 halberd. ๐Ÿ˜• HP[-3]
You take 3 damage, and now have 34/41 hp.
You closely miss the gnoll. The gnoll completely misses you.
The gnoll hits you from afar with a +0 halberd!
* * * LOW HITPOINT WARNING * * *
๐Ÿ˜จ HP[-14]
You take 14 damage, and now have 20/41 hp.
MASSIVE DAMAGE!! (PAUSE)
The ball python barely misses you.
The ball python closely misses you. ๐Ÿ˜ฎ HP[+1]
The ball python misses you. The ball python completely misses you.
You closely miss the ball python. The ball python barely misses you.
The ball python misses you.
The gnoll hits you from afar with a +0 halberd!
* * * LOW HITPOINT WARNING * * *
๐Ÿ˜ฑ HP[-13]
You take 13 damage, and now have 8/41 hp.
MASSIVE DAMAGE!! (PAUSE)
The ball python barely misses you. The ball python grabs you.
The ball python constricts you.
You escape the ball python's grasp. ๐Ÿ˜ฑ HP[+1]
The ball python bites you but does no damage.
The ball python grabs you. The ball python constricts you.
You escape the ball python's grasp.
There is a stone staircase leading up here.
The ball python barely misses you. The ball python grabs you.
You stop ascending the stairs.
The ball python constricts you.
* * * LOW HITPOINT WARNING * * *
You escape the ball python's grasp.
The ball python bites you but does no damage.
The ball python grabs you.
You stop ascending the stairs.
The ball python constricts you.
* * * LOW HITPOINT WARNING * * *
๐Ÿ˜ฑ HP[-1]
You take 1 damage, and now have 8/41 hp.
You barely miss the ball python.
The gnoll hits you from afar with a +0 halberd!
You die...

Skill      XL: |  1  2  3 |
---------------+----------+-----
Fighting       | 4 |  4.3
Axes           | 5 |  5.0
Stealth        | 2 |  2.0
Dodging        | |  2.8

Action                   |  1- 3 |  4- 6 || total
-------------------------+-------+-------++-------
Melee: Hand axe          |   134 |     4 ||   138
       Punch             |     1 |       ||     1
Throw: Stone             |       |     5 ||     5
       Dart              |       |     3 ||     3
 Stab: Sleeping          |     4 |       ||     4
Armor: Robe              |    15 |     3 ||    18
Dodge: Dodged            |    63 |    10 ||    73

Levels and vault maps discovered:
D:1:      saegor_arrival_simple_b, layout_basic,
          hellmonk_ecumenical_altar_pennies_from_heaven
D:2:      layout_basic

Notes
Turn   | Place    | Note
-------+----------+-------------------------------------------
     0 | D:1      | mortz the Hill Orc Monk began the quest for the Orb.
     0 | D:1      | Reached XP level 1. HP: 19/19 MP: 1/1
     0 | D:1      | magus.rc [v1.9.6]
   560 | D:1      | Reached XP level 2. HP: 24/27 MP: 2/2
   563 | D:1      | Reached skill level 4 in Fighting
  1203 | D:1      | Reached XP level 3. HP: 26/33 MP: 3/3
  1264 | D:1      | Found a faded altar of an unknown god.
  1763 | D:2      | Reached skill level 5 in Axes
  1771 | D:2      | Reached skill level 2 in Stealth
  1771 | D:2      | Reached XP level 4. HP: 15/41 MP: 4/4
  1994 | D:2      | HP: 8/41 [gnoll/+0 halberd (13)]
  2007 | D:2      | HP: 9/41 [constriction (1)]
  2009 | D:2      | Slain by a gnoll

Vanquished Creatures
  2 adders (D:2)
  A worm (D:2)
  A dart slug (D:1)
  A bat (D:1)
  3 endoplasms (D:1)
  3 giant cockroaches (D:1)
  4 goblins
  4 hobgoblins (D:1)
  5 kobolds
  2 quokkas (D:1)
  2 ball pythons (D:1)
  3 frilled lizards
  4 rats
35 creatures vanquished.

Table legend:
 A = Non-vault XP
 B = Vault XP
 C = Vault XP percentage of total XP
 D = Non-vault monster count
 E = Vault monster count
 F = Vault count percentage of total count
                 A         B        C        D         E       F
            +---------+---------+-------+---------+---------+-------
      Total |      85 |       0 |   0.0 |      35 |       0 |   0.0
            +---------+---------+-------+---------+---------+-------
        D:1 |      44 |       0 |   0.0 |      25 |       0 |   0.0
        D:2 |      41 |       0 |   0.0 |      10 |       0 |   0.0
            +---------+---------+-------+---------+---------+-------

Illustrated notes

Table legend:
 A = Kills in this place as a percentage of kills in entire the game.
 B = Kills by you in this place as a percentage of kills by you in the entire game.
 C = Kills by friends in this place as a percentage of kills by friends in the entire game.
 D = Other kills in this place as a percentage of other kills in the entire game.
 E = Experience gained in this place as a percentage of experience gained in the entire game.
 F = Experience gained in this place divided by the number of levels of this place that you have seen.
                   A       B       C       D       E      F
               +-------+-------+-------+-------+-------+----------------------
         Total | 100.0 | 100.0 |   N/A |   N/A | 100.0 |  42.5
       Dungeon | 100.0 | 100.0 |   N/A |   N/A | 100.0 |  42.5
               +-------+-------+-------+-------+-------+----------------------

Table legend: (Time is in decaauts)
 A = Elapsed time spent in this place.
 B = Non-inter-level travel time spent in this place.
 C = Inter-level travel time spent in this place.
 D = Time resting spent in this place.
 E = Time spent auto-exploring this place.
 F = Levels seen in this place.
 G = Mean time per level.
                   A        B        C        D        E       F      G
               +--------+--------+--------+--------+--------+-----+--------+
         Total |   2021 |   1994 |     27 |     84 |   1573 |   2 | 1010.5 |
       Dungeon |   2021 |   1994 |     27 |     84 |   1573 |   2 | 1010.5 |
               +--------+--------+--------+--------+--------+-----+--------+

Top non-repeatable levels by time:
     D:1: 1527 daAuts
     D:2: 493 daAuts
